 Dungeon Crawl Stone Soup version 0.31-a0-259-g771a54ca4b (webtiles) character file.

Game seed: 11937815862529581057

84 qw the Shooter (level 4, -1/26 HPs)
             Began as a Gargoyle Hexslinger on July 13, 2023.
             Slain by Terence
             ... wielding a +0 flail
              (4 damage)
             ... on level 3 of the Dungeon.
             The game lasted 00:00:35 (1743 turns).

qw the Shooter (Gargoyle Hexslinger)                Turns: 1743, Time: 00:00:36

Health: -1/26      AC:  7    Str: 12    XL:     4   Next: 46%
Magic:  5/5        EV: 12    Int: 13    God:
Gold:   107        SH:  0    Dex: 20    Spells: 4/5 levels left

rFire   . . .        Y - +1 sling
rCold   . . .        (no shield)
rNeg    + . .        m - +0 leather armour
rPois   inf          (no helmet)
rElec   +            d - +0 cloak
rCorr   .            (no gloves)
SInv    .            (no boots)
Will    .....        (no amulet)
Stlth   +            n - +6 ring of dexterity
HPRegen 0.24/turn    (no ring)
MPRegen 0.09/turn

%: no passive effects
@: no status effects
A: sickness immunity, AC +3, negative energy resistance 1, electricity
resistance, torment resistance 1, petrification resistance
a: no special abilities


You were on level 3 of the Dungeon.
You visited 1 branch of the dungeon, and saw 3 of its levels.

You collected 107 gold pieces.


Innate Abilities, Weirdness & Mutations

You are immune to sickness and miasma.
Your stone body is resilient. (AC +3)
You are immune to poison.
You resist negative energy. (rN+)
You are resistant to electric shocks. (rElec)
You are resistant to unholy torment.
You are immune to petrification.


   Skills:
 - Level 2.0 Fighting
 + Level 4.2 Ranged Weapons
 - Level 1.5 Dodging
 - Level 1.0 Spellcasting
 - Level 2.6 Hexes


You had 4 spell levels left.
You knew the following spells:

 Your Spells              Type           Power      Damage    Failure   Level
a - Slow                  Hex            28%        N/A       12%         1

Your spell library contained the following spells:

 Spells                   Type           Power      Damage    Failure   Level
 Inner Flame              Hex/Fire       4%         N/A       52%         3
 Portal Projectile        Hex/Tloc       8%         N/A       52%         3
 Cause Fear               Hex            3%         N/A       75%         4

Inventory:

Hand Weapons
 Y - a +1 sling (weapon)
Armour
 d - a +0 cloak (worn)
 m - a +0 leather armour (worn)
Jewellery
 n - a +6 ring of dexterity (left hand)
Scrolls
 k - 2 scrolls of identify
Potions
 a - a potion of curing {unknown}
 b - a potion of haste {unknown}
 e - a potion of lignification {unknown}
 f - a potion of attraction {unknown}
 g - a potion of degeneration {unknown}

Dungeon Overview and Level Annotations

Branches:
Dungeon (3/15)

Altars:

Annotations:
D:3 Terence


Message History

The jackal bites you but does no damage.
You shoot a sling bullet.
The sling bullet closely misses Terence.
The sling bullet hits the orc.
The orc is moderately wounded.
The jackal bites you.
The jackal bites you but does no damage.
Terence closely misses you. The orc closely misses you.
The jackal bites you but does no damage.
You shoot a sling bullet. The sling bullet hits Terence.
Terence is severely wounded.
The jackal closely misses you. Terence hits you with a +0 flail!
The orc barely misses you. The jackal bites you.
You shoot a sling bullet. The sling bullet hits Terence.
Terence is almost dead.
The jackal barely misses you. Terence hits you with a +0 flail.
The orc closely misses you. The jackal barely misses you.
The jackal completely misses you. The orc hits you but does no damage.
Terence completely misses you.
You shoot a sling bullet.
The sling bullet hits Terence but does no damage.
Terence is almost dead.
The jackal closely misses you.
The jackal bites you but does no damage.
Terence misses you. The orc hits you with a +0 hand axe.
The jackal barely misses you.
You shoot a sling bullet.
The sling bullet hits Terence but does no damage.
Terence is almost dead.
The jackal bites you.
The jackal bites you but does no damage.
Terence barely misses you.
The jackal bites you but does no damage.
The orc barely misses you. The jackal barely misses you.
You shoot a sling bullet.
The sling bullet hits Terence but does no damage.
Terence is almost dead.
The jackal barely misses you. The jackal closely misses you.
Terence hits you with a +0 flail.
You die...

#.##.#.#
#....#.#
###..#.#
o.>##..#¤#
..)¤......#
###.#)#'#######
# #.........#
#.......hh#
#.......@@#
#....l¤......oh#
#.l...........o#
#....¤.........#
#.....¤.$......#
#.....¤........#
#..............#
...............#


You could see Terence, 2 orcs and 3 jackals.

Vanquished Creatures
  4 adders (D:2)
  A worm (D:2)
  A dart slug (D:2)
  2 orcs (D:3)
  4 bats
  8 endoplasms
  A giant cockroach (D:1)
  5 goblins
  A hobgoblin (D:1)
  A kobold (D:2)
  5 ball pythons
  2 frilled lizards (D:1)
  4 rats
39 creatures vanquished.

Notes
Turn   | Place    | Note
-------+----------+-------------------------------------------
     0 | D:1      | qw the Gargoyle Hexslinger began the quest for the Orb.
     0 | D:1      | Reached XP level 1. HP: 12/12 MP: 2/2
     0 | D:1      | 0 ||| qw: Version: 0.3-a-52-g30416fa
     0 | D:1      | 0 ||| qw: Game counter: 6878
     0 | D:1      | 0 ||| qw: Melee chars always use a shield: true
     0 | D:1      | 0 ||| qw: God list: Okawaru
     0 | D:1      | 0 ||| qw: Allow faded altars: false
     0 | D:1      | 0 ||| qw: Do Orc after clearing Dungeon:15 true
     0 | D:1      | 0 ||| qw: Do second Lair branch before Depths: true
     0 | D:1      | 0 ||| qw: Lair rune preference: random
     0 | D:1      | 0 ||| qw: Goals: Normal
     0 | D:1      | 0 ||| PLANNING D:1-11
    90 | D:1      | Reached XP level 2. HP: 16/16 MP: 3/3
   139 | D:1      | Found a faded altar of an unknown god.
   246 | D:1      | Reached skill level 3 in Ranged Weapons
   707 | D:1      | 707 ||| READING 2 scrolls labelled WIEDUPN UROELA.
   708 | D:1      | 708 ||| DROPPING scroll of blinking.
   709 | D:1      | 709 ||| DROPPING scroll of poison.
   767 | D:2      | Reached XP level 3. HP: 21/21 MP: 4/4
  1384 | D:2      | Reached XP level 4. HP: 21/26 MP: 5/5
  1390 | D:2      | Reached skill level 4 in Ranged Weapons
  1563 | D:2      | 1563 ||| UPGRADING to +0 cloak.
  1568 | D:2      | 1568 ||| UPGRADING to +0 leather armour.
  1578 | D:2      | 1578 ||| DROPPING +0 robe.
  1579 | D:2      | 1579 ||| DROPPING amulet of magic regeneration.
  1580 | D:2      | 1580 ||| DROPPING +6 ring of intelligence.
  1581 | D:2      | 1581 ||| UPGRADING to +6 ring of dexterity.
  1582 | D:2      | 1582 ||| READING scroll labelled DARY VUBAI.
  1583 | D:2      | 1583 ||| READING 2 scrolls labelled MAXTIC ZAQ.
  1584 | D:2      | 1584 ||| READING scroll labelled ACEAV VEUGUP.
  1585 | D:2      | 1585 ||| DRINKING 2 fizzy pink potions.
  1690 | D:2      | 1690 ||| DROPPING potion of berserk rage.
  1728 | D:3      | Noticed Terence
  1740 | D:3      | HP: 4/26 [Terence/+0 flail (6)]
  1743 | D:3      | Slain by Terence

Levels and vault maps discovered:
D:1:      dpeg_arrival_stone_temple_mockup, layout_loops_ring,
          hellmonk_ecumenical_altar_slurped_away
D:2:      cheibrodos_helix_gallery, layout_loops_corners, st_stairs_4
D:3:      layout_basic, uniq_terence

Skill      XL: |  1  2  3  4 |
---------------+-------------+-----
Ranged Weapons | 3 4 |  4.2
Fighting       | 2 |  2.0
Dodging        | |  1.5
Spellcasting   | |  1.0
Hexes          | |  2.6

Action                     |  1- 3 |  4- 6 || total
---------------------------+-------+-------++-------
   Fire: Sling             |    92 |    30 ||   122
    Use: Scroll            |     1 |     3 ||     4
         Potion            |       |     1 ||     1
 Armour: Robe              |     8 |     2 ||    10
         Leather armour    |       |     8 ||     8
  Dodge: Dodged            |    20 |    28 ||    48

Table legend:
 A = Non-vault XP
 B = Vault XP
 C = Vault XP percentage of total XP
 D = Non-vault monster count
 E = Vault monster count
 F = Vault count percentage of total count
                 A         B        C        D         E       F
            +---------+---------+-------+---------+---------+-------
      Total |     109 |      12 |   9.9 |      34 |       5 |  12.8
            +---------+---------+-------+---------+---------+-------
        D:1 |      31 |       2 |   6.1 |      20 |       1 |   4.8
        D:2 |      72 |      10 |  12.2 |      12 |       4 |  25.0
        D:3 |       6 |       0 |   0.0 |       2 |       0 |   0.0
            +---------+---------+-------+---------+---------+-------
